 Dungeon Sprint DCSS version 0.29-a0-459-g97dee8cd24 (webtiles) character file.

Game seed: 15253577430079860729

30681 mhtbhm the Slayer (level 13, 0/138 HPs)
             Began as a Minotaur Berserker on May 20, 2022.
             Was a High Priest of Trog.
             Slain by the 27-headed Lernaean hydra (8 damage)
             ... in the Dungeon (Sprint II: "The Violet Keep of Menkaure").
             The game lasted 00:10:22 (2578 turns).

mhtbhm the Slayer (Minotaur Berserker)              Turns: 2578, Time: 00:10:23

Health: 0/138      AC: 16    Str: 24    XL:     13   Next: 21%
Magic:  4/4        EV: 33    Int:  4    God:    Trog [*****.]
Gold:   2231       SH:  0    Dex:  9    Spells: 12/12 levels left

rFire   + . .      SeeInvis +   a - +4 glaive (antimagic)
rCold   . . .      Faith    .   (shield currently unavailable)
rNeg    . . .      Spirit   .   b - +6 scale mail of Negation {Regen+ Dex-2 Slay+3 Stlth+}
rPois   +          Reflect  .   (helmet restricted)
rElec   .          Harm     .   B - scarf {+Inv}
rCorr   .          Rampage  .   (no gloves)
Will    .....      NoTele   +   (no boots)
Stlth   ++........              v - amulet of the acrobat
HPRegen 1.13/turn               i - ring "Ytabik" {rF+ EV+4}
MPRegen 0.09/turn               j - ring of poison resistance

@: on berserk cooldown, acrobatic, hasted and slowed
A: horns 2, retaliatory headbutt, see invisible, frail 1, sense surroundings 1,
weak 1, evolution 1
a: Renounce Religion, Evoke Invisibility, Berserk, Trog's Hand, Brothers in Arms


You were in the Dungeon.
You worshipped Trog.
Trog was extremely pleased with you.
You visited 1 branch You collected 3691 gold pieces.
You spent 1460 gold pieces at shops.

Inventory:

Hand Weapons
 a - a +4 antimagic glaive (weapon)
 y - a +2 vampiric spear
Missiles
 w - 2 javelins (quivered)
 E - 3 curare-tipped darts
Armour
 b - the +6 scale mail of Negation (worn) {Regen+ Dex-2 Slay+3 Stlth+}
   (You bought it in a shop in the Dungeon)

   Dex:       It affects your dexterity (-2).
   Slay:      It affects your accuracy & damage with ranged weapons and melee
   (+3).
   Regen:     It increases your rate of health regeneration.
   Stlth:     It makes you more stealthy.
 B - a scarf of invisibility (worn)
Jewellery
 i - the ring "Ytabik" (left hand) {rF+ EV+4}
   (You bought it in a shop in the Dungeon)

   [ring of evasion]

   EV:        It affects your evasion (+4).
   rF:        It protects you from fire.
 j - a ring of poison resistance (right hand)
 v - an amulet of the acrobat (around neck)
 x - a ring of flight
 A - a +4 ring of protection
Scrolls
 l - a scroll of vulnerability {unknown}
 m - a scroll of enchant armour {unknown}
 p - 10 scrolls of identify {unknown}
 q - a scroll of fog {unknown}
 r - a scroll of poison {unknown}
 u - 2 scrolls of silence {unknown}
 z - 2 scrolls of acquirement {unknown}
 F - a scroll of amnesia {unknown}
Potions
 c - 2 potions of curing
 d - 4 potions of heal wounds
 e - 3 potions of haste
 f - 5 potions of magic
 g - 2 potions of berserk rage
 k - 3 potions of might
 n - 3 potions of resistance {unknown}
 o - 25 potions of mutation
 s - 5 potions of flight
 t - 2 potions of lignification {unknown}
Miscellaneous
 C - a lightning rod (4/4)
 D - a phial of floods


   Skills:
 + Level 25.1 Fighting
 + Level 24.9 Polearms
 + Level 15.7 Armour
 + Level 13.9 Dodging
 + Level 4.7 Stealth


You had 12 spell levels left.
You didn't know any spells.
Your spell library was empty.

Dungeon Overview and Level Annotations

Branches:
Dungeon (1/1)

Altars:
Cheibriados
Dithmenos
Elyvilon
Fedhas
Gozag
Hepliaklqana
Kikubaaqudgha
Makhleb
Nemelex Xobeh
Okawaru
Qazlal
Ru
Sif Muna
Trog
Uskayaw
Vehumet
Wu Jian
Xom
Yredelemnul
Zin
The Shining One
Beogh
Jiyva
Lugonu

Shops:
D !(:![([[=?==**:=

Annotations:
D Lernaean hydra


Innate Abilities, Weirdness & Mutations

You have a pair of horns on your head.
You reflexively headbutt those who attack you in melee.
You have supernaturally acute eyesight. (SInv)
You are frail. (-10% HP)
You passively map a small area around you.
You are weak. (Str -2)
You have hidden genetic potential.


Message History

The 27-headed Lernaean hydra closely misses your deep troll.
The 27-headed Lernaean hydra bites your deep troll.
The 27-headed Lernaean hydra bites your deep troll! x2
Your deep troll dies!
Your deep troll's corpse disappears in a puff of smoke!
The 27-headed Lernaean hydra bites your cyclops! x2
The 27-headed Lernaean hydra barely misses your cyclops.
The 27-headed Lernaean hydra bites your cyclops.
The 27-headed Lernaean hydra bites your cyclops! x2
The 27-headed Lernaean hydra bites your cyclops.
The 27-headed Lernaean hydra bites your cyclops!
The 27-headed Lernaean hydra bites your cyclops.
The 27-headed Lernaean hydra bites your cyclops!
Your cyclops dies!
Your cyclops's corpse disappears in a puff of smoke!
Press: ? - help, v - describe, . - travel
Here: the 27-headed Lernaean hydra (blue smoke, severely wounded)
The floor, spattered with blood.
Unknown command.
You feel yourself speed up.
Unknown command.
The 27-headed Lernaean hydra closely misses you.
The 27-headed Lernaean hydra bites you.
* * * LOW HITPOINT WARNING * * *
The 27-headed Lernaean hydra bites you but does no damage. x2
The 27-headed Lernaean hydra closely misses you.
The 27-headed Lernaean hydra completely misses you.
The 27-headed Lernaean hydra bites you but does no damage.
The 27-headed Lernaean hydra misses you.
The 27-headed Lernaean hydra completely misses you.
The 27-headed Lernaean hydra closely misses you.
The 27-headed Lernaean hydra bites you!
* * * LOW HITPOINT WARNING * * *
The 27-headed Lernaean hydra barely misses you.
The 27-headed Lernaean hydra closely misses you.
The 27-headed Lernaean hydra completely misses you. x2
The 27-headed Lernaean hydra bites you but does no damage.
The 27-headed Lernaean hydra closely misses you.
The 27-headed Lernaean hydra bites you!
You die...

##∩.∩.∩.∩.#≈≈####.#.####
##.∩.∩.∩..#≈##.###'###.#
##..∩.∩...#≈#...##.##..#
##...⌠....'≈'.#)'.<.'##.
##........#≈#...##.##..#
#▓▓▓▓▓▓▓###≈##.###'###.#
##(..######≈≈####.#.####
#...#§D§^##≈≈≈#.##..#≈≈
#∩..'.@#+##[#≈###..##≈§
#)..#.##.##.#°≈##+##≈≈≈
#...###...####○≈≈≈≈≈≈§≈
##)###.....# #'○°#+++#≈
#).)##.....###☼°≈°≈≈≈##
##'###.°...##○○○○°○≈°≈#
#...#+.○°..○§○≈○≈°○≈≈§§
##'###..°..##°○°°≈°≈°§#
$.$##.°°°.###°≈≈°○≈○##


You could see the 27-headed Lernaean hydra.

Vanquished Creatures
  A hellephant (D)
  A deep elf blademaster (D)
  A deep elf master archer (D)
  A kraken (D)
  2 sphinxes (D)
  An orc warlord (D)
  A draconian shifter (D)
  A great orb of eyes (D)
  A death yak (D)
  An iron elemental (D)
  2 hell hogs (D)
  A slime creature (D)
  Sonja (D)
  A death drake (D)
  A glowing orange brain (D)
  An obsidian statue (D)
  2 deep trolls (D)
  A harpy (D)
  An oklob plant (D)
  8 shining eyes (D)
  A merfolk siren (D)
  2 toenail golems (D)
  An ice statue (D)
  An eye of devastation (D)
  2 cane toads (D)
  2 unseen horrors (D)
  A yaktaur (D)
  3 polar bears (D)
  A hornet (D)
  A blink frog (D)
  6 flying skulls (D)
  3 yaks (D)
  2 redbacks (D)
  4 water moccasins (D)
  A floating eye (D)
  A swamp drake (D)
  3 black bears (D)
  4 necrophages (D)
  4 scorpions (D)
  4 lava snakes (D)
  3 worms (D)
  A spectral bat (D)
  A spectral ball python (D)
  4 tentacles (D)
86 creatures vanquished.

Vanquished Creatures (collateral kills)
  A crystal guardian (D)
  A death drake (D)
  7 shining eyes (D)
  9 floating eyes (D)
  A swamp drake (D)
19 creatures vanquished.

Vanquished Creatures (others)
  Menkaure (D)
  A water moccasin (D)
  3 tentacles (D)
5 creatures vanquished.

Grand Total: 110 creatures vanquished

Notes
Turn   | Place    | Note
-------+----------+-------------------------------------------
     0 | D        | mhtbhm the Minotaur Berserker began the quest for the Orb.
     0 | D        | Reached XP level 1. HP: 19/19 MP: 0/0
     1 | D        | Noticed a scorpion
     1 | D        | Noticed a scorpion
     1 | D        | Noticed a scorpion
     1 | D        | Noticed a scorpion
     5 | D        | Killed a scorpion
     6 | D        | Reached skill level 6 in Fighting
     6 | D        | Reached XP level 2. HP: 31/31 MP: 1/1
     6 | D        | Reached XP level 3. HP: 38/38 MP: 2/2
     8 | D        | Killed a scorpion
     9 | D        | Reached skill level 7 in Fighting
     9 | D        | Reached XP level 4. HP: 45/48 MP: 3/3
    10 | D        | Killed a scorpion
    10 | D        | Reached ** piety under Trog
    11 | D        | Reached skill level 8 in Fighting
    11 | D        | Reached XP level 5. HP: 51/56 MP: 4/4
    13 | D        | Reached skill level 9 in Fighting
    13 | D        | Reached skill level 5 in Armour
    30 | D        | Killed Menkaure
   173 | D        | Reached skill level 10 in Polearms
   176 | D        | Reached *** piety under Trog
   212 | D        | Noticed a merfolk siren
   221 | D        | Killed a merfolk siren
   222 | D        | Reached skill level 12 in Fighting
   222 | D        | Reached skill level 5 in Dodging
   222 | D        | Reached XP level 6. HP: 70/70 MP: 5/5
   222 | D        | Reached XP level 7. HP: 77/77 MP: 6/6
   281 | D        | Reached **** piety under Trog
   282 | D        | Reached skill level 13 in Fighting
   405 | D        | Found Luesotan's Magic Scroll Emporium.
   405 | D        | Found Keurekh's Jewellery Emporium.
   405 | D        | Found Pukeonifa's General Store.
   405 | D        | Found Yvymoll's Jewellery Shoppe.
   405 | D        | Found Kawy's Jewellery Shoppe.
   406 | D        | Found Giosch's Antique Armour Shoppe.
   406 | D        | Found Alyat's Book Emporium.
   406 | D        | Found Leni's General Store.
   407 | D        | Found Ygudeluoxe's Antique Armour Shoppe.
   407 | D        | Found Wojonum's Weapon Emporium.
   411 | D        | Noticed a blink frog
   420 | D        | Killed a blink frog
   460 | D        | Found Jimennio's Antique Armour Emporium.
   460 | D        | Found Wyzoikla's Distillery.
   460 | D        | Noticed a great orb of eyes
   460 | D        | Noticed an oklob plant
   461 | D        | Found Mezunauz's Antique Weapon Shoppe.
   461 | D        | Found Qamezuss's Book Shoppe.
   461 | D        | Found Zod Gim's Distillery.
   462 | D        | Noticed a shining eye
   465 | D        | Reached ***** piety under Trog
   466 | D        | Reached XP level 8. HP: 81/88 MP: 7/7
   469 | D        | Noticed a hell hog
   474 | D        | Noticed a hell hog
   481 | D        | Bought a fading scale mail for 189 gold pieces
   481 | D        | Identified the +6 scale mail of Negation {Regen+ Dex-2
                  | Slay+3 Stlth+} (You bought it in a shop in the Dungeon)
   492 | D        | Bought the ring "Ytabik" {rF+ EV+4} for 550 gold pieces
   497 | D        | Bought a ring of poison resistance for 200 gold pieces
   524 | D        | Found a snail-covered altar of Cheibriados.
   525 | D        | Found a shadowy altar of Dithmenos.
   525 | D        | Found a viscous altar of Jiyva.
   526 | D        | Found a white marble altar of Elyvilon.
   526 | D        | Found an ancient bone altar of Kikubaaqudgha.
   527 | D        | Found a blossoming altar of Fedhas.
   527 | D        | Found a corrupted altar of Lugonu.
   527 | D        | Found a shimmering blue altar of Sif Muna.
   528 | D        | Found an opulent altar of Gozag.
   528 | D        | Found a burning altar of Makhleb.
   528 | D        | Found a bloodstained altar of Trog.
   529 | D        | Found a sparkling altar of Nemelex Xobeh.
   529 | D        | Found a hide-covered altar of Uskayaw.
   530 | D        | Found an iron altar of Okawaru.
   530 | D        | Found a radiant altar of Vehumet.
   530 | D        | Found a glowing silver altar of Zin.
   531 | D        | Noticed a yaktaur
   531 | D        | Noticed a hornet
   531 | D        | Noticed a polar bear
   531 | D        | Noticed a polar bear
   538 | D        | Killed a polar bear
   539 | D        | Reached skill level 14 in Fighting
   540 | D        | Noticed a polar bear
   543 | D        | Killed a polar bear
   544 | D        | Reached skill level 15 in Polearms
   549 | D        | Killed a polar bear
   550 | D        | Reached skill level 15 in Fighting
   554 | D        | Killed a hornet
   555 | D        | Reached skill level 1 in Stealth
   558 | D        | Killed a yaktaur
   559 | D        | Reached XP level 9. HP: 100/100 MP: 8/8
   610 | D        | Found a basalt altar of Yredelemnul.
   616 | D        | Noticed a kraken
   643 | D        | Killed a kraken
   644 | D        | Reached skill level 17 in Fighting
   689 | D        | Found the +0 mask of the Dragon {Will+ Slay+3 SInv}
   800 | D        | Found a shimmering altar of Xom.
   800 | D        | Found a sacrificial altar of Ru.
   808 | D        | Received a gift from Trog
   813 | D        | Found a glowing golden altar of the Shining One.
   813 | D        | Found an ornate altar of the Wu Jian Council.
   813 | D        | Found a stormy altar of Qazlal.
   825 | D        | Noticed a deep troll
   825 | D        | Noticed a deep troll
   831 | D        | Killed a deep troll
   832 | D        | Reached XP level 10. HP: 112/112 MP: 9/9
   833 | D        | Killed a deep troll
   834 | D        | Reached skill level 18 in Fighting
   888 | D        | Noticed a sphinx
   888 | D        | Noticed a sphinx
   895 | D        | Killed a sphinx
   895 | D        | Received a gift from Trog
   902 | D        | Killed a sphinx
   903 | D        | Reached skill level 19 in Fighting
   973 | D        | Found a hazy altar of Hepliaklqana.
   988 | D        | Noticed a sixfirhy
   993 | D        | Reached skill level 10 in Armour
   997 | D        | Reached ****** piety under Trog
  1067 | D        | Noticed a shining eye
  1068 | D        | Noticed a shining eye
  1078 | D        | Bought a ring of flight for 192 gold pieces
  1101 | D        | Bought a potion of might for 56 gold pieces
  1113 | D        | Bought a potion of heal wounds for 65 gold pieces
  1113 | D        | Bought 2 potions of heal wounds for 130 gold pieces
  1113 | D        | Bought a potion of curing for 39 gold pieces
  1113 | D        | Bought a potion of curing for 39 gold pieces
  1182 | D        | Noticed a death drake
  1184 | D        | Noticed a death drake
  1184 | D        | Noticed a crystal guardian
  1201 | D        | Killed a death drake
  1201 | D        | Received a gift from Trog
  1218 | D        | Killed a death drake
  1219 | D        | Reached XP level 11. HP: 66/124 MP: 10/10
  1220 | D        | Killed a crystal guardian
  1221 | D        | Reached skill level 10 in Dodging
  1359 | D        | Reached skill level 20 in Fighting
  1471 | D        | Noticed an iron elemental
  1477 | D        | Killed an iron elemental
  1487 | D        | Noticed a deep elf master archer
  1491 | D        | Received a gift from Trog
  1514 | D        | Killed a deep elf master archer
  1555 | D        | Noticed a death yak
  1566 | D        | Reached skill level 21 in Fighting
  1568 | D        | Killed a death yak
  1571 | D        | Received a gift from Trog
  1697 | D        | Noticed a purple draconian shifter
  1697 | D        | Noticed Sonja
  1697 | D        | Noticed a glowing orange brain
  1698 | D        | Noticed a hellephant
  1704 | D        | Killed a glowing orange brain
  1708 | D        | Killed Sonja
  1708 | D        | Received a gift from Trog
  1711 | D        | Killed a hellephant
  1712 | D        | Reached XP level 12. HP: 112/137 MP: 3/11
  1716 | D        | Killed a purple draconian shifter
  1717 | D        | Reached skill level 22 in Fighting
  1776 | D        | Noticed a deep elf blademaster
  1789 | D        | Killed a deep elf blademaster
  1789 | D        | Received a gift from Trog
  1975 | D        | Gained mutation: You are dopey. (Int -2) [a shining eye]
  1975 | D        | Gained mutation: You sometimes lose the ability to read
                  | scrolls when taking damage. [a shining eye]
  1976 | D        | Paralysed by a floating eye for 2 turns
  1976 | D        | Gained mutation: You are clumsy. (Dex -2) [a shining eye]
  1977 | D        | Gained mutation: Your spells are a little easier to cast,
                  | but a little less powerful. [a shining eye]
  1977 | D        | Gained mutation: Your magical capacity is low. (-10% MP) [a
                  | shining eye]
  1978 | D        | Received a gift from Trog
  1978 | D        | Gained mutation: You tend to lose your temper in combat. [a
                  | shining eye]
  1979 | D        | Reached skill level 23 in Fighting
  1982 | D        | Gained mutation: Your magical capacity is very low. (-20%
                  | MP) [a shining eye]
  1982 | D        | Gained mutation: You are weak. (Str -2) [a shining eye]
  1983 | D        | Identified the +3 glaive of a Million Princes {vorpal, rC+
                  | Dex+4} (Trog gifted it to you in the Dungeon)
  1983 | D        | Received a gift from Trog
  1983 | D        | Paralysed by a floating eye for 2 turns
  1984 | D        | Gained mutation: You are very weak. (Str -4) [a shining
                  | eye]
  1985 | D        | Gained mutation: Your spells are easier to cast, but less
                  | powerful. [a shining eye]
  1988 | D        | Reached skill level 15 in Armour
  1988 | D        | Received a gift from Trog
  1988 | D        | Gained mutation: Your body sometimes deteriorates upon
                  | taking damage. [a shining eye]
  1990 | D        | Gained mutation: You have hidden genetic defects. [a
                  | shining eye]
  1995 | D        | Reached skill level 24 in Fighting
  2054 | D        | Lost mutation: You are clumsy. (Dex -2) [potion of
                  | mutation]
  2054 | D        | Lost mutation: Your body sometimes deteriorates upon taking
                  | damage. [potion of mutation]
  2054 | D        | Lost mutation: Your spells are easier to cast, but less
                  | powerful. [potion of mutation]
  2054 | D        | Gained mutation: You are frail. (-10% HP) [potion of
                  | mutation]
  2055 | D        | Lost mutation: You are dopey. (Int -2) [potion of mutation]
  2055 | D        | Lost mutation: Your spells are a little easier to cast, but
                  | a little less powerful. [potion of mutation]
  2055 | D        | Lost mutation: You are frail. (-10% HP) [potion of
                  | mutation]
  2055 | D        | Lost mutation: You tend to lose your temper in combat.
                  | [potion of mutation]
  2056 | D        | Lost mutation: You sometimes lose the ability to read
                  | scrolls when taking damage. [potion of mutation]
  2056 | D        | Lost mutation: You have hidden genetic defects. [potion of
                  | mutation]
  2056 | D        | Lost mutation: Your magical capacity is very low. (-20% MP)
                  | [potion of mutation]
  2056 | D        | Gained mutation: You are frail. (-10% HP) [potion of
                  | mutation]
  2056 | D        | Gained mutation: Your mind is acute. (Int +2) [potion of
                  | mutation]
  2056 | D        | Gained mutation: You passively dampen the noise of your
                  | surroundings. [potion of mutation]
  2057 | D        | Lost mutation: Your mind is acute. (Int +2) [potion of
                  | mutation]
  2057 | D        | Lost mutation: Your magical capacity is low. (-10% MP)
                  | [potion of mutation]
  2057 | D        | Lost mutation: You are very weak. (Str -4) [potion of
                  | mutation]
  2057 | D        | Gained mutation: You have very sharp teeth. [potion of
                  | mutation]
  2058 | D        | Lost mutation: You passively dampen the noise of your
                  | surroundings. [potion of mutation]
  2058 | D        | Lost mutation: You have very sharp teeth. [potion of
                  | mutation]
  2058 | D        | Gained mutation: You have hidden genetic potential. [potion
                  | of mutation]
  2058 | D        | Gained mutation: You have large cloven feet. [potion of
                  | mutation]
  2203 | D        | Found the ring of the Octopus King
  2204 | D        | Found Zeevega's Jewellery Boutique.
  2219 | D        | Noticed an orc warlord
  2225 | D        | Noticed the 27-headed Lernaean hydra
  2393 | D        | Killed a hell hog
  2396 | D        | Killed a hell hog
  2396 | D        | Received a gift from Trog
  2397 | D        | Reached XP level 13. HP: 118/135 MP: 4/12
  2416 | D        | Gained mutation: You are clumsy. (Dex -2) [a shining eye]
  2417 | D        | Gained mutation: You sometimes lose the ability to read
                  | scrolls when taking damage. [a shining eye]
  2483 | D        | Killed an orc warlord
  2483 | D        | Received a gift from Trog
  2484 | D        | Reached skill level 25 in Fighting
  2546 | D        | Lost mutation: You have large cloven feet. [potion of
                  | mutation]
  2546 | D        | Lost mutation: You are frail. (-10% HP) [potion of
                  | mutation]
  2546 | D        | Lost mutation: You are clumsy. (Dex -2) [potion of
                  | mutation]
  2546 | D        | Gained mutation: You have a pair of large horns on your
                  | head. [potion of mutation]
  2546 | D        | Gained mutation: You have supernaturally acute eyesight.
                  | (SInv) [potion of mutation]
  2546 | D        | Gained mutation: You are frail. (-10% HP) [potion of
                  | mutation]
  2547 | D        | Lost mutation: You sometimes lose the ability to read
                  | scrolls when taking damage. [potion of mutation]
  2547 | D        | Lost mutation: You have a pair of large horns on your head.
                  | [potion of mutation]
  2547 | D        | Gained mutation: You passively map a small area around you.
                  | [potion of mutation]
  2578 | D        | Slain by the 27-headed Lernaean hydra

Illustrated notes

Levels and vault maps discovered:
D:        the_violet_keep_of_menkaure [sprint2_stairs_cluster_1,
          sprint2_shoproom, sprint2_temple, sprint2_basic_supplies,
          sprint2_obstacle_3, sprint2_obstacle_5, sprint2_obstacle_6,
          sprint2_obstacle_2, sprint2_obstacle_7, sprint2_timed_cluster_1,
          sprint2_smallroom_cluster_1, sprint2_smallroom_final_cluster_1,
          sprint2_transparent_cluster_1, sprint2_second_timed_cluster_1,
          sprint2_sniper_area_1, sprint2_heavy_combat_area_1,
          sprint2_mutation_trap_area_1, sprint2_forest_area_1,
          sprint2_light_combat_area_1, sprint2_behind_water_1,
          sprint2_near_end_vault_1]

Skill      XL: |  1  2  3  4  5  6  7  8  9 10 11 12 13 |
---------------+----------------------------------------+-----
Fighting       | 6 7 8 12 13 15 17 19 21 24 25 | 25.1
Polearms       | 6 8 9 12 14 16 18 20 22 24 | 24.9
Armour         | 3 4 5 6 7 8 10 13 15 | 15.7
Dodging        | 3 4 5 6 7 8 9 11 13 | 13.9
Stealth        | 1 2 3 4 |  4.7

Action                   |  1- 3 |  4- 6 |  7- 9 | 10-12 | 13-15 || total
-------------------------+-------+-------+-------+-------+-------++-------
Melee: Spear             |     6 |    28 |   101 |    64 |       ||   199
       Headbutt          |     1 |     4 |    20 |    29 |     4 ||    58
       Glaive            |       |       |       |   112 |    29 ||   141
       Kick              |       |       |       |     7 |     1 ||     8
Invok: Berserk           |     1 |     1 |     3 |     8 |     2 ||    15
       Brothers in Arms  |       |       |       |     3 |     2 ||     5
  Use: Potion            |       |       |       |    10 |     3 ||    13
       Scroll            |       |       |       |     1 |     1 ||     2
Armor: Animal skin       |       |       |     1 |       |       ||     1
       Scale mail        |       |       |    14 |    42 |    34 ||    90
Dodge: Dodged            |     1 |     4 |    43 |    99 |    37 ||   184

Table legend: (Time is in decaauts)
 A = Elapsed time spent in this place.
 B = Non-inter-level travel time spent in this place.
 C = Inter-level travel time spent in this place.
 D = Time resting spent in this place.
 E = Time spent auto-exploring this place.
 F = Levels seen in this place.
 G = Mean time per level.
                   A        B        C        D        E       F      G
               +--------+--------+--------+--------+--------+-----+--------+
         Total |   2663 |   2663 |      0 |   1045 |      0 |   1 | 2663.0 |
       Dungeon |   2663 |   2663 |      0 |   1045 |      0 |   1 | 2663.0 |
               +--------+--------+--------+--------+--------+-----+--------+

Top non-repeatable levels by time:
       D: 2663 daAuts
